Map: 匹昂台地

Players

Gentleprobe (Cyan) - Winner!

  • Race: Protoss Protoss
  • League: Master

iGiA (iAsonu)

  • Race: Zerg Zerg
  • League: Master

Event: GPL 2015 - Grand Finals

VOD

Have the link to the VOD?

Description

Time

  • Played on: Jan. 9, 2016, 7:50 a.m.
  • Length: 30:04

All games in this series

Show
View Real Time Build Order
Export as new Build Order

Gentleprobe Protoss - Winner!

Build Orders: 1 Gate Expand 

Get SALT Encoding   

  12  0:00  Probe (Chrono Boost)  
  13  0:11  Probe (Chrono Boost)  
  14  0:20  Pylon  
  14  0:22  Probe (Chrono Boost)  
  15  0:38  Probe (Chrono Boost)  
  15  0:39  Gateway  
  15  0:42  Assimilator  
  16  0:49  Probe (Chrono Boost)  
  17  0:59  Probe (Chrono Boost)  
  18  1:10  Probe (Chrono Boost)  
  19  1:17  Nexus  
  19  1:21  Probe (Chrono Boost)  
  20  1:30  Cybernetics Core  
  20  1:34  Probe (Chrono Boost)  
  20  1:39  Assimilator  
  21  1:44  Probe (Chrono Boost)  
  22  1:49  Pylon  
  22  1:55  Probe (Chrono Boost)  
  23  2:07  Warp Gate, Probe (Chrono Boost), Stalker  
  26  2:19  Mothership Core (Chrono Boost)  
  28  2:27  Pylon  
  29  2:30  Probe (Chrono Boost)  
  29  2:38  Probe (Chrono Boost)  
  29  2:40  Probe (Chrono Boost)  
  31  2:47  Robotics Facility  
  31  2:48  Probe (Chrono Boost)  
  31  2:51  Probe (Chrono Boost)  
  33  2:59  Probe (Chrono Boost)  
  33  3:01  Probe (Chrono Boost)  
  33  3:04  Gateway  
  35  3:09  Probe (Chrono Boost)  
  35  3:12  Probe (Chrono Boost)  
  37  3:14  Gateway  
  37  3:18  Pylon  
  37  3:21  Probe (Chrono Boost)  
  37  3:23  Probe (Chrono Boost)  
  39  3:31  Probe (Chrono Boost)  
  39  3:33  Probe (Chrono Boost)  
  41  3:37  Robotics Bay  
  41  3:42  Probe x2 (Chrono Boost)  
  41  3:46  Warp Prism (Chrono Boost)  
  45  3:53  Probe x2  
  47  3:57  Assimilator x2  
  47  4:03  Probe  
  47  4:05  Probe, Pylon  
  49  4:10  Adept  
  49  4:11  Adept  
  49  4:13  Adept  
  49  4:14  Probe  
  56  4:18  Probe  
  56  4:23  Disruptor (Chrono Boost)  
  57  4:25  Gravitic Drive (Chrono Boost)  
  57  4:26  Probe  
  57  4:31  Probe  
  62  4:33  Pylon  
  62  4:39  Probe  
  63  4:46  Nexus  
  63  4:48  Probe  
  63  4:51  Pylon  
  64  4:56  Disruptor, Stargate  
  64  5:02  Probe  
  68  5:08  Probe (Chrono Boost)  
  68  5:09  Stargate  
  69  5:15  Probe (Chrono Boost), Pylon  
  69  5:20  Probe (Chrono Boost)  
  71  5:24  Forge  
  72  5:28  Probe (Chrono Boost)  
  72  5:31  Probe (Chrono Boost)  
  73  5:35  Observer  
  73  5:39  Probe (Chrono Boost)  
  73  5:40  Probe (Chrono Boost)  
  73  5:41  Assimilator  
  73  5:42  Phoenix (Chrono Boost)  
  78  5:44  Assimilator  
  78  5:47  Gateway  
  78  5:51  Probe x2, Pylon  
  78  5:52  Sentry  
  78  5:54  Phoenix (Chrono Boost)  
  84  6:00  Zealot  
  84  6:02  Observer  
  84  6:03  Probe x2  
  84  6:04  Probe  
  89  6:06  Phoenix (Chrono Boost)  
  92  6:15  Probe  
  93  6:19  Probe  
  93  6:23  Protoss Ground Weapons Level 1, Disruptor  
  93  6:25  Zealot x3  
  103  6:30  Photon Cannon  
  103  6:31  Phoenix (Chrono Boost)  
  105  6:33  Phoenix (Chrono Boost)  
  105  6:36  Pylon  
  107  6:44  Gateway  
  107  6:47  Pylon  
  107  6:49  Twilight Council  
  107  6:51  Probe  
  107  6:53  Phoenix (Chrono Boost)  
  110  6:55  Phoenix (Chrono Boost)  
  104  7:08  Zealot x3  
  104  7:14  Phoenix (Chrono Boost), Disruptor (Chrono Boost)  
  115  7:25  Gateway  
  115  7:26  Gateway, Charge (Chrono Boost)  
  115  7:29  Zealot x3  
  121  7:31  Pylon  
  121  7:33  Oracle  
  121  7:41  Adept  
  121  7:42  Phoenix, Pylon  
  121  7:43  Disruptor (Chrono Boost)  
  128  7:45  Pylon  
  130  8:02  Gateway x2  
  130  8:05  Pylon  
  130  8:06  Templar Archives  
  130  8:07  Pylon  
  130  8:15  Nexus  
  130  8:16  Pylon  
  130  8:19  Oracle, Pylon  
  131  8:21  Protoss Ground Weapons Level 2 (Chrono Boost)  
  131  8:25  Pylon  
  131  8:42  Photon Cannon  
  131  8:43  Zealot x6  
  131  8:45  Assimilator  
  131  8:47  Assimilator  
  143  8:51  Photon Cannon  
  143  8:52  Photon Cannon  
  143  8:55  Pylon  
  143  8:57  Resonating Glaives (Chrono Boost)  
  143  9:01  Photon Cannon  
  143  9:03  Photon Cannon  
  143  9:05  Pylon, Zealot x3  
  143  9:06  Zealot x3  
  143  9:09  Immortal  
  159  9:20  Zealot x2  
  163  9:33  Zealot  
  163  9:34  Zealot  
  163  9:36  Zealot x4  
  167  9:49  Disruptor  
  167  9:50  Zealot  
  167  9:51  Zealot  
  167  9:55  Zealot x2  
  172  10:12  High Templar x4  
  172  10:13  Psionic Storm  
  180  10:20  Archon  
  180  10:22  Pylon  
  180  10:24  Pylon  
  180  10:29  Disruptor  
  180  10:31  Protoss Ground Weapons Level 3 (Chrono Boost)  
  183  10:38  Archon  
  183  10:41  Zealot x4  
  184  10:49  Probe x2  
  183  10:55  Zealot x4  
  179  11:12  Zealot x4  
  177  11:26  Fleet Beacon  
  177  11:30  High Templar, Observer  
  177  11:31  High Templar x3  
  181  11:35  Zealot x2  
  181  11:38  Zealot x2  
  188  11:40  Probe  
  188  11:42  Probe x3  
  182  11:51  Probe  
  164  11:55  Zealot x2  
  164  11:58  Probe  
  165  12:02  Zealot x2  
  165  12:06  Zealot  
  161  12:10  Zealot  
  161  12:13  Dark Shrine  
  161  12:15  Probe x2, Zealot x2  
  162  12:25  Probe  
  162  12:26  Zealot  
  162  12:27  Robotics Facility, Probe  
  164  12:32  Zealot  
  166  12:40  High Templar  
  166  12:43  Disruptor  
  167  12:57  Protoss Ground Armor Level 1  
  155  13:14  Disruptor, Warp Prism  
  160  13:28  Probe  
  160  13:29  Probe x3  
  164  13:38  Probe  
  163  13:41  Probe x3  
  166  13:49  Probe  
  166  13:53  Probe x2, High Templar  
  166  13:54  High Templar x3  
  177  14:00  Archon x2  
  177  14:07  High Templar  
  177  14:08  High Templar  
  177  14:09  Probe x3  
  184  14:28  High Templar  
  184  14:29  High Templar x3  
  192  14:33  Archon  
  192  14:34  Archon  
  192  14:35  Dark Templar x2  
  196  14:40  Dark Templar x2  
  190  15:05  Dark Templar  
  143  15:16  Disruptor  
  143  15:21  Disruptor  
  130  15:29  Dark Templar x3  
  130  15:34  Zealot x2  
  128  15:50  Phoenix x2  
  128  15:52  High Templar x2  
  128  15:53  High Templar  
  128  15:54  High Templar  
  140  15:57  Archon  
  140  15:58  Archon  
  140  16:02  Anion Pulse-Crystals (Chrono Boost)  
  140  16:15  Phoenix x2  
  140  16:16  High Templar  
  146  16:27  High Templar x2  
  146  16:29  Zealot  
  151  16:48  Nexus  
  151  16:49  Pylon  
  151  17:01  Pylon  
  151  17:13  High Templar x8  
  167  17:17  Archon x4  
  161  17:23  Phoenix  
  157  17:42  Photon Cannon  
  157  17:44  Photon Cannon  
  157  17:46  Photon Cannon, Dark Templar  
  157  17:47  Photon Cannon  
  157  17:48  Dark Templar  
  159  17:59  Phoenix x2  
  161  18:11  Dark Templar x2  
  163  18:21  Zealot x3  
  163  18:22  Zealot x3  
  175  18:41  Observer  
  169  18:45  Warp Prism (Chrono Boost)  
  166  18:56  Protoss Ground Armor Level 2  
  166  18:59  Disruptor (Chrono Boost)  
  157  19:13  Assimilator  
  155  19:17  Disruptor (Chrono Boost)  
  155  19:18  Assimilator  
  155  19:19  Graviton Catapult  
  158  19:28  Disruptor (Chrono Boost)  
  158  19:33  Zealot  
  158  19:34  Zealot x3  
  169  19:46  Disruptor  
  169  19:48  Pylon  
  172  19:59  Disruptor  
  175  20:20  Observer  
  174  20:29  Dark Templar x3  
  174  20:33  Observer  
  179  20:58  Carrier (Chrono Boost)  
  177  21:11  Nexus  
  177  21:13  Pylon  
  177  21:14  Pylon  
  166  21:27  Carrier (Chrono Boost)  
  133  21:41  Stalker x2  
  133  21:42  Stalker x2  
  107  21:56  Stalker x2  
  87  22:10  Dark Templar  
  87  22:11  Phoenix (Chrono Boost)  
  91  22:19  Zealot x3  
  95  22:26  Stalker  
  95  22:27  Stalker x3  
  97  22:33  Phoenix (Chrono Boost)  
  99  22:41  Phoenix (Chrono Boost)  
  95  22:55  Phoenix (Chrono Boost)  
  97  23:05  Phoenix (Chrono Boost), Assimilator  
  99  23:10  Assimilator  
  90  23:14  Forge  
  90  23:22  Zealot  
  90  23:24  Zealot x2  
  90  23:25  Zealot  
  95  23:35  Zealot  
  95  23:38  Zealot x3  
  102  23:42  Observer  
  102  23:43  Carrier (Chrono Boost), Zealot  
  111  23:49  Zealot  
  111  23:50  Zealot x2  
  113  24:13  Carrier (Chrono Boost)  
  117  24:33  Dark Templar  
  117  24:37  Nexus  
  114  24:41  Pylon  
  114  24:42  Pylon  
  114  25:01  Assimilator  
  114  25:02  Zealot x4  
  114  25:03  Zealot x3  
  114  25:05  Assimilator  
  128  25:08  Forge  
  128  25:13  Zealot  
  130  25:19  Carrier (Chrono Boost)  
  136  25:25  Zealot  
  137  25:30  Zealot x5  
  147  25:36  Zealot x2  
  151  25:46  Carrier (Chrono Boost)  
  149  26:09  Zealot x2  
  145  26:11  Probe x2  
  145  26:19  Zealot  
  145  26:35  High Templar  
  145  26:36  High Templar  
  149  26:41  Photon Cannon x2  
  149  26:48  Oracle (Chrono Boost)  
  152  27:16  Photon Cannon  
  152  27:17  High Templar x2  
  152  27:18  Pylon  
  156  27:53  Carrier (Chrono Boost)  
  156  27:57  Carrier (Chrono Boost)  
  156  27:58  Zealot  
  170  28:04  Zealot  
  172  28:09  Mothership Core  
  174  28:30  Dark Templar  
  174  28:40  Nexus  
  174  29:07  Pylon  
  174  29:08  Pylon  
  174  29:12  Dark Templar x2, Zealot  
  174  29:13  Zealot  
  172  29:34  Zealot x2  
  160  29:41  High Templar  
  160  29:42  High Templar  
  164  29:50  Zealot  
Show
View Real Time Build Order
Export as new Build Order

iGiA Zerg 

Build Orders: Hatch First, Lurkers 

Get SALT Encoding   

  12  0:01  Drone  
  13  0:12  Overlord  
  13  0:17  Drone  
  14  0:30  Drone x2  
  14  0:35  Drone  
  17  0:47  Drone  
  18  0:54  Hatchery  
  17  0:57  Drone  
  17  1:01  Extractor  
  17  1:12  Spawning Pool  
  17  1:15  Drone  
  17  1:18  Drone  
  18  1:27  Drone  
  19  1:38  Overlord  
  19  1:49  Drone  
  20  1:59  Queen  
  20  2:00  Zergling x2  
  23  2:04  Metabolic Boost  
  23  2:06  Drone  
  23  2:07  Queen  
  26  2:11  Drone  
  27  2:17  Drone  
  28  2:32  Drone  
  28  2:33  Hatchery  
  28  2:34  Drone  
  29  2:40  Overlord  
  29  2:42  Drone  
  30  2:45  Overlord  
  30  2:49  Drone  
  31  2:58  Queen  
  31  3:04  Drone x2  
  31  3:05  Drone  
  36  3:06  Drone  
  36  3:07  Drone x2  
  38  3:13  Zergling x2  
  38  3:15  Zergling x4  
  38  3:18  Drone x2  
  43  3:23  Extractor  
  43  3:24  Drone  
  43  3:28  Drone  
  43  3:30  Lair  
  44  3:37  Overlord  
  44  3:45  Drone x2  
  44  3:46  Drone  
  47  3:48  Drone  
  47  3:49  Drone  
  47  3:50  Hatchery  
  47  3:54  Drone  
  47  3:55  Roach Warren, Drone  
  50  4:00  Drone x2  
  51  4:03  Drone  
  51  4:07  Overlord  
  51  4:09  Drone x2  
  54  4:12  Drone  
  54  4:13  Drone  
  54  4:15  Drone, Evolution Chamber  
  56  4:17  Drone  
  56  4:20  Drone  
  56  4:21  Overlord  
  58  4:28  Drone x3  
  60  4:31  Overlord  
  60  4:33  Overlord  
  60  4:36  Hydralisk Den  
  59  4:40  Extractor  
  59  4:41  Drone  
  59  4:42  Zerg Melee Weapons Level 1, Extractor x2, Drone x2  
  59  4:43  Drone x2  
  61  4:50  Zergling x2  
  61  4:51  Drone  
  63  4:53  Drone, Queen  
  63  4:54  Extractor  
  63  4:55  Zergling x2  
  63  4:56  Zergling x4  
  63  4:57  Drone  
  63  4:58  Overseer  
  69  5:00  Drone  
  69  5:04  Drone x2  
  72  5:09  Queen  
  72  5:11  Overlord  
  74  5:16  Muscular Augments, Drone x2  
  76  5:27  Overlord  
  72  5:40  Drone x7  
  79  5:43  Hydralisk x5  
  79  5:45  Zergling x6  
  92  5:51  Drone x2  
  92  5:52  Hydralisk  
  92  5:56  Overseer  
  96  5:59  Hydralisk x3  
  96  6:01  Extractor  
  96  6:02  Zergling x2  
  96  6:03  Zergling x4  
  103  6:06  Overlord x2  
  103  6:08  Overlord  
  103  6:11  Evolution Chamber  
  103  6:18  Drone x4  
  98  6:23  Drone x4  
  103  6:26  Overlord  
  103  6:27  Extractor, Lurker Den  
  102  6:33  Zergling x4  
  102  6:36  Overlord  
  102  6:37  Zerg Melee Weapons Level 2, Zerg Ground Armor Level 1  
  102  6:38  Hydralisk  
  102  6:39  Zergling x20  
  116  6:43  Hydralisk  
  116  6:46  Pneumatized Carapace  
  118  6:51  Overlord  
  116  7:03  Zergling x2, Hydralisk  
  116  7:04  Zergling x14  
  120  7:12  Hydralisk  
  120  7:13  Hydralisk x4  
  130  7:16  Spore Crawler  
  130  7:17  Spore Crawler  
  130  7:22  Spore Crawler, Zergling x16  
  135  7:29  Spore Crawler  
  134  7:34  Hydralisk x4  
  141  7:44  Spire  
  141  7:45  Drone x2  
  142  7:53  Zergling x2  
  142  7:55  Overlord x4  
  142  7:58  Overlord  
  143  8:06  Hatchery  
  142  8:17  Lurker x8  
  142  8:18  Zergling x6, Hydralisk x6  
  165  8:21  Zergling x8  
  169  8:31  Zerg Missile Weapons Level 1  
  169  8:34  Overseer  
  169  8:42  Zergling x2  
  169  8:43  Zergling x28  
  184  9:01  Extractor  
  184  9:02  Extractor  
  179  9:11  Zerg Flyer Weapons Level 1  
  179  9:26  Zergling x4  
  179  9:27  Zergling x2  
  179  9:32  Overlord x3  
  179  9:36  Hydralisk x5  
  165  9:42  Lurker x2  
  165  9:43  Lurker  
  158  9:51  Zergling x20  
  152  9:53  Lurker x4  
  155  10:01  Hydralisk x3  
  155  10:02  Hydralisk x4  
  155  10:06  Zergling x14  
  169  10:12  Lurker x4  
  168  10:20  Zergling x2  
  168  10:21  Zergling x12  
  175  10:24  Lurker x6  
  175  10:31  Lurker  
  175  10:32  Lurker x8  
  158  10:36  Hydralisk  
  158  10:37  Hydralisk x5  
  158  10:38  Hydralisk  
  162  10:57  Hydralisk x4  
  162  10:58  Hydralisk x3  
  172  11:04  Baneling Nest  
  172  11:06  Hydralisk x4  
  178  11:14  Hydralisk x4  
  182  11:26  Zergling x8  
  182  11:29  Zergling x2  
  182  11:30  Zergling x2  
  182  11:32  Hydralisk  
  177  11:33  Hydralisk x7  
  177  11:37  Hydralisk  
  192  11:43  Zergling x8  
  190  11:53  Zergling x2, Hydralisk x2  
  166  12:13  Baneling  
  166  12:14  Baneling x7, Centrifical Hooks  
  160  12:26  Baneling x7  
  160  12:27  Baneling  
  158  12:31  Zerg Flyer Weapons Level 2  
  157  12:47  Hydralisk  
  157  12:48  Zergling x18  
  167  12:56  Lurker x4  
  167  12:57  Zergling x2  
  167  12:58  Zergling x14  
  159  13:06  Zergling x2  
  159  13:07  Zergling x10  
  162  13:21  Drone x6  
  168  13:42  Zergling x2  
  168  13:43  Zergling x16  
  177  13:55  Spore Crawler  
  176  14:02  Zergling x2  
  177  14:03  Zergling x8  
  181  14:20  Drone x6  
  187  14:37  Mutalisk x2  
  185  14:53  Zergling x10  
  182  15:14  Hydralisk x2  
  106  15:15  Zergling x6  
  106  15:17  Zergling x24  
  106  15:18  Hydralisk x2  
  104  15:25  Overseer  
  90  15:30  Hydralisk x2  
  90  15:32  Overseer  
  78  15:43  Lurker x2  
  78  15:44  Lurker  
  78  15:47  Hydralisk x3  
  82  15:56  Lurker x2  
  82  15:57  Lurker  
  85  16:07  Hydralisk x3  
  91  16:12  Hydralisk  
  93  16:37  Lurker x2  
  94  16:41  Hydralisk x2  
  98  16:52  Hatchery  
  98  16:53  Hydralisk x3  
  100  17:08  Hydralisk  
  100  17:09  Hydralisk  
  100  17:15  Overseer  
  104  17:20  Hatchery  
  99  17:29  Hydralisk x5  
  104  17:51  Hydralisk x4  
  107  18:08  Hydralisk x5  
  107  18:10  Infestation Pit  
  107  18:11  Hydralisk  
  106  18:20  Zergling x2, Hydralisk  
  106  18:21  Zergling x6  
  106  18:23  Lurker x14  
  126  18:27  Drone x2  
  116  19:00  Lurker  
  116  19:01  Lurker x2  
  119  19:27  Lurker x2  
  119  19:28  Zergling x18  
  119  19:29  Zergling x16  
  119  19:30  Queen  
  140  19:31  Queen  
  140  19:32  Queen  
  141  19:50  Mutalisk  
  141  19:51  Mutalisk x7  
  154  19:53  Overlord  
  154  20:21  Mutalisk x6  
  162  20:38  Zergling x6  
  162  20:40  Overlord x3  
  164  20:45  Overseer x2  
  164  20:59  Overlord  
  164  21:00  Overlord x3  
  164  21:02  Hatchery  
  148  21:24  Hydralisk x3  
  154  21:29  Zergling x2  
  154  21:30  Zergling x16  
  140  21:41  Hydralisk  
  140  21:42  Hydralisk x2  
  113  22:03  Hydralisk  
  113  22:04  Hydralisk x4  
  118  22:19  Hydralisk x2  
  121  22:34  Overseer  
  117  22:43  Overseer x2  
  104  22:59  Hydralisk x6  
  111  23:30  Hatchery  
  110  23:38  Hydralisk x4  
  115  23:56  Lurker x2  
  117  24:16  Mutalisk x2  
  117  24:17  Mutalisk  
  109  24:47  Drone x3  
  104  25:09  Spore Crawler  
  104  25:10  Spine Crawler  
  102  25:20  Lurker, Zergling x2  
  102  25:21  Zergling x6  
  96  26:15  Hydralisk  
  96  26:16  Zergling x8  
  96  26:17  Zergling x30  
  116  26:18  Queen  
  112  26:53  Hydralisk x3  
  118  26:58  Extractor x2  
  112  27:15  Hatchery  
  112  27:16  Drone x3  
  112  27:17  Drone x2  
  112  27:43  Drone x3  
  115  27:46  Drone x9  
  119  28:24  Hydralisk x4  
  127  28:30  Spore Crawler  
  124  28:39  Hydralisk x2  
  126  29:02  Drone  
  126  29:03  Drone  
  126  29:04  Extractor, Drone x2  
  126  29:05  Extractor  
  126  29:08  Spine Crawler  
  113  29:35  Hydralisk x4  
Tags
 
Add a new tag
Caveats
  • Supply blocks, unpowered buildings, or Contaminate may cause inaccurate times.
  • Supply counts are checked every 10 seconds.